Frizzbo, neutral female gnomish Wizard -------- ------ |<|>...---....| |^|-....%[.`..| |^||.```|.....| |^||....|[)...| |.|------.----| |.| |.I....| |.------......| |........`..I.| |..-----....I.| ---- -------- Frizzbo the Thaumaturge Experience level: 6 Strength: 9 Dexterity: 13 Constitution: 15 Intelligence: 17 Wisdom: 12 Charisma: 9 Health: 0(49) Energy: 25(69) Def: 3 Gold: 425 Moves: 5096 Dungeon seed: DlJxRO9x7V0QW0Oz Game ID: Frizzbo_1466609199 Your Inventory: Coins $ - 425 gold pieces Weapons W - an uncursed +0 axe (weapon in hand) Armor e - an uncursed +1 cloak of magic resistance (being worn) r - an uncursed +0 orcish helm (being worn) Comestibles S - 8 uncursed food rations X - an uncursed egg Scrolls a - 2 cursed scrolls of earth i - 6 uncursed scrolls of blank paper k - an uncursed scroll of genocide u - an uncursed scroll of teleportation x - an uncursed scroll of earth z - an uncursed scroll of remove curse C - an uncursed scroll of magic mapping U - an uncursed scroll of light Spellbooks l - a blessed spellbook of force bolt m - an uncursed spellbook of protection Potions I - 4 uncursed potions of water P - an uncursed potion of oil Q - an uncursed potion of sickness R - an uncursed potion of paralysis T - a blessed potion of invisibility Rings c - an uncursed ring of fire resistance d - an uncursed ring of shock resistance K - an uncursed ring of cold resistance V - an uncursed -1 ring of increase accuracy Z - an uncursed ring of stealth Wands b - an uncursed wand of fire (0:5) H - an uncursed wand of make invisible (0:3) Y - an uncursed wand of striking (0:6) Tools O - an uncursed blindfold Gems n - an uncursed worthless piece of violet glass y - an uncursed luckstone Spells and supernatural/magical abilities: Name Level Category Fail Memory a - force bolt 1 attack 0% 75% c - cause fear 3 enchantment 7% 93% p - protection 1 clerical 0% 75% u - confuse monster 2 enchantment 0% 90% B - cure blindness 2 healing 65% 92% W - pray for help -- divine ? -- Your skills at the end: Fighting Skills Weapon Skills dagger [Basic] quarterstaff [Basic] Spellcasting Skills attack spells [Basic] enchantment spells [Basic] Final Attributes: You were piously aligned. You were magic-protected. You were blinded. You had infravision. You were invisible. You were lucky. You had extra luck. Bad luck did not time out for you. Good luck did not time out for you. You are dead. Vanquished creatures: a raven an ape an imp a water nymph 6 Uruk-hai a rock piercer a rock mole a kobold mummy 7 elf zombies 3 giant ants a floating eye 2 homunculi a kobold lord 2 giant bats 3 iguanas 2 acid blobs 3 coyotes 2 hobbits 3 cave spiders 3 yellow molds 2 garter snakes a gnome zombie a gecko 2 jackals 2 foxes 2 goblins 2 sewer rats 3 grid bugs 2 bats 3 lichens a kobold zombie 5 newts 71 creatures vanquished. Voluntary challenges: You had followed a strict vegetarian diet until turn 1946. You used a wielded weapon 122 times, starting on turn 19. You read items or engraved 19 times, starting on turn 422. You never genocided any monsters. You never polymorphed an object. You never changed form. You used no wishes. You never split a pudding. You wrote Elbereth's name 1 time, starting on turn 422. You never violated your personal moral code. Dungeon overview: The Dungeons of Doom: levels 1 to 7 Level 1 (engraved Elbereth) a long staircase Level 2 a scroll shop, a fountain Level 3 (closed shop) a long staircase Level 4 Level 5 Level 6 some fountains Level 7 stairs to Sokoban Sokoban: Level 6 <- You were here stairs to The Dungeons of Doom History has recorded: On T:1 you entered the Dungeons of Doom to retrieve the Amulet of Yendor! On T:569 you reached level 2 of The Dungeons of Doom. On T:1925 you advanced to experience level 2. On T:1985 you reached level 3 of The Dungeons of Doom. On T:2290 you advanced to experience level 3. On T:2311 you reached level 4 of The Dungeons of Doom. On T:2761 you reached level 5 of The Dungeons of Doom. On T:2955 you advanced to experience level 4. On T:3495 you reached level 6 of The Dungeons of Doom. On T:3609 you advanced to experience level 5. On T:4024 you reached level 7 of The Dungeons of Doom. On T:4534 you reached level 4 of Sokoban. On T:4603 you advanced to experience level 6. Score breakdown: Gold: 425 ( 8944 points) Experience: 6 levels (12456 points) Exploration: 7 levels ( 14.58%) (10718 points) Discoveries: 15 items ( 5.23%) ( 6858 points) Valuables value: (no points given unless you survive) Artifact value: 0 ( 0 points) Variety of kills: 32 monsters ( 8.40%) ( 8694 points) Turncount: 5096 turns (-1382 points) Survival: died (score multiplied by 80%) Total score: 37030 Latest messages: Wow! This makes you feel good! (You can name a cyan potion from the item naming menu.) Your movements are now unencumbered. The raven bumps right into you! The raven bites! The raven blinds you! It bites! You miss it. It bites! It just misses! It bites! Use the 'moveonly' command to move into a remembered wall. It bumps right into you! It hits! You hit it. It hits! It bumps right into you! You hit it. It misses. It bites! You feel more confident in your weapon skills. You hit it. It hits! You die... Final status: Goodbye Frizzbo the Wizard, killed by a wererat... You died in Sokoban on dungeon level 6 with 37030 points, and 425 pieces of gold, after 5096 moves. You were level 6 with a maximum of 49 hit points when you died.